Unix NetHack Version 3.7.0-88 Work-in-progress - last build Aug 21 2023 04:08:40 (b68ccb3e4f8f5dcb83e1e40b1ff56e7dffd4cd28,branch:master). Game began 2023-09-05 09:02:52, ended 2023-09-07 08:29:54. pinball, chaotic female human Wizard -------------------- ....................| .........----|----...--- .........--.......--....| ......%..-- .......%--...- --------------- ..........| ..4..... |..... |...%%%%%%[?%)| -..)------- 55.4a55. ----- |.)---------..-- ----.--- @@aa... |.)|.......|...-- --..%.... -----D----- |..|.......|....---........ -.aB%.a.a.- |..|..._...-..%.%.......... |..A...@a@a..A| |%.|.......|..%.---....... |.A----.---- .| |..|.......|...-- --..... | |.......| | |..---------..-- ----- |....a..|@ |.. ...| A@|..@@...| ---- ----- |.B.....| |.......| ---------3 @ T Pinball the Sorceress St:18/90 Dx:22 Co:18 In:18 Wi:18 Ch:11 Chaotic S:1043065 Astral Plane $:0 HP:200(209) Pw:184(288) AC:-38 Xp:21/10029117 T:36819 Latest messages: You feel here a giant beetle corpse. Famine moves the ice troll out of the way! The magic-absorbing blade probes the priestess of Anhur! What do you want to zap? [cmruDGJQ or ?*] ? In what direction? j The priestess of Anhur vanishes and reappears farther away. The giant beetle just misses! The giant ant misses! Famine moves the giant ant out of the way! You hear a nearby zap. The sleep ray hits the priestess of Ptah. The sleep ray hits the giant ant. The magic missile misses Chris the Archer. The magic missile hits the priestess of Ptah! The magic missile hits the giant ant! The magic missile hits you! The missiles bounce off! The priest of Thoth casts a spell! The priest of Thoth summons insects! You hear a nearby zap. The bolt of cold misses the black dragon. The bolt of cold hits the giant beetle! "Hast thou considered masking thine odour?" A nearby voice intones: "Pilgrim, you enter a sacred place!" Famine moves the giant ant out of the way! You hear a mumbled curse. You hear a mumbled curse. You hear a mumbled curse. Famine moves the killer bee out of the way! Death moves the Angel of Moloch out of the way! You try to feel what is lying here on the altar. There is a high altar to Anhur (chaotic) here. You feel no objects here. You hear a mumbled curse. What do you want to use or apply? [bchk-mrsuvzDGJLPQXZ or ?*] h You can see again. What do you want to use or apply? [bchk-mrsuvzDGJLPQXZ or ?*] b What do you want to sacrifice? [d or ?*] ? You offer the Amulet of Yendor to Anhur... An invisible choir sings, and you are bathed in radiance... The voice of Anhur thunders: "Mortal, thou hast done well!" "In return for thy service, I grant thee the gift of Immortality!" You ascend to the status of Demigoddess... Do you want your possessions identified? [ynq] (y) y Do you want to see your attributes? [ynq] (y) y Do you want an account of creatures vanquished? [ynaq] (y) y Do you want a list of extinct species? [ynaq] (y) y Do you want to see your conduct and achievements? [ynq] (y) y Do you want to see the dungeon overview? [ynq] (y) y Inventory: Amulets x - a blessed amulet of magical breathing C - an uncursed amulet of reflection F - the blessed Eye of the Aethiopica (being worn) Weapons y - 3 cursed -1 elven arrows E - the blessed rustproof +6 Magicbane (weapon in hand) Armor Y - a blessed fireproof +2 elven leather helm (being worn) j - a blessed fireproof +4 pair of gauntlets of dexterity (being worn) t - a blessed fireproof +4 pair of water walking boots (being worn) K - a blessed fireproof +5 robe (being worn) N - a blessed +5 Hawaiian shirt with a palm tree motif (being worn) H - an uncursed +4 blue dragon scale mail (being worn) Rings p - an uncursed ring of free action (on right hand) a - an uncursed +2 ring of protection (on left hand) Wands G - a wand of death (0:1) J - a wand of death (0:0) r - a wand of digging (0:3) c - a wand of fire (0:4) Q - a wand of make invisible (0:1) u - a wand of probing (0:6) D - a wand of teleportation (0:4) m - a wand of teleportation (0:1) Tools b - a blessed greased bag of holding containing 104 items Z - an uncursed oilskin sack containing 2 items z - an uncursed tooled horn X - the Bell of Opening (0:2) P - an uncursed blindfold l - an expensive camera (0:61) L - a magic marker (1:50) v - an uncursed oil lamp (lit) k - an uncursed skeleton key s - an uncursed stethoscope h - a blessed +0 unicorn horn Gems/Stones O - an uncursed luckstone Contents of the bag of holding: 4375 gold pieces an uncursed amulet of flying an uncursed amulet of magical breathing a +1 athame a blessed rustproof +6 aklys a +1 bullwhip the rustproof +0 Frost Brand an uncursed very burnt +1 pair of elven boots an uncursed fireproof +4 pair of speed boots a blessed +2 small shield an uncursed +0 mummy wrapping an uncursed +0 mummy wrapping 10 uncursed food rations a blessed homemade tin of mind flayer meat a blessed tin of floating eye meat a blessed tin of woodchuck meat named Carl an uncursed lizard corpse 2 uncursed lizard corpses 7 blessed scrolls of blank paper 6 uncursed scrolls of blank paper 2 cursed scrolls of blank paper a cursed scroll of confuse monster an uncursed scroll of create monster 2 uncursed scrolls of earth an uncursed scroll of genocide an uncursed scroll of remove curse an uncursed scroll of teleportation an uncursed spellbook of blank paper 3 uncursed potions of booze a blessed potion of full healing 2 uncursed potions of healing an uncursed potion of invisibility 3 uncursed potions of oil 3 cursed potions of paralysis 5 uncursed potions of restore ability an uncursed potion of sleeping 12 potions of holy water 3 uncursed potions of water 3 potions of unholy water named u an uncursed ring of conflict an uncursed ring of levitation an uncursed ring of polymorph an uncursed ring of polymorph an uncursed ring of polymorph control an uncursed ring of protection from shape changers an uncursed ring of regeneration an uncursed ring of shock resistance an uncursed ring of slow digestion an uncursed ring of stealth an uncursed ring of sustain ability an uncursed ring of teleport control an uncursed ring of teleport control a wand of cold (1:10) a wand of cold (0:4) a wand of death (1:0) a wand of digging (2:8) a wand of digging (0:7) a wand of digging (0:6) a wand of digging (0:6) a wand of enlightenment (1:15) a wand of fire (0:6) a wand of polymorph (0:1) a wand of polymorph (0:0) a wand of polymorph (1:0) a wand of probing (0:5) a wand of probing (0:5) a wand of sleep (1:12) a wand of speed monster (0:2) a wand of striking (0:7) a wand of striking (0:7) a wand of teleportation (1:8) a wand of teleportation (0:0) a wand of undead turning (0:6) a wand of wishing (0:2) an empty uncursed sack a can of grease (0:20) an expensive camera (0:79) an uncursed lock pick an uncursed magic whistle a +0 pick-axe an uncursed skeleton key 6 uncursed tallow candles a blessed tinning kit (0:35) 5 uncursed wax candles 3 uncursed agate stones 8 uncursed amber stones 6 uncursed amethyst stones 3 uncursed aquamarine stones an uncursed black opal 11 uncursed chrysoberyl stones 13 uncursed citrine stones 2 uncursed diamonds 2 uncursed dilithium crystals 10 uncursed emeralds an uncursed fluorite stone 6 uncursed jacinth stones 2 uncursed jade stones an uncursed jasper stone 4 uncursed obsidian stones 3 uncursed opals 10 uncursed rubies an uncursed sapphire 4 uncursed topaz stones an uncursed turquoise stone Contents of the oilskin sack: an uncursed scroll of scare monster a blessed potion of full healing Pinball the Wizard's attributes: Background: You were a Sorceress, a level 21 female human Wizard. You were chaotic, on a mission for Anhur who was opposed by Ptah (lawful) and Thoth (neutral). You started out male. You were in the endgame, on the Astral Plane. You entered the dungeon 36819 turns ago. You had 10029117 experience points, 9970883 more were needed for level 22. Your score was 1043065 before end-of-game adjustments. Basics: You had 200 out of 209 hit points. You had 184 out of 288 energy points (spell power). Your armor class was -38. Your wallet was empty, but you had 4375 zorkmids stashed away in your pack. Autopickup was off. Final Characteristics: Your strength was 18/90 (limit:18/100). Your dexterity was 22 (base:18, innate limit:18). Your constitution was 18 (limit:18). Your intelligence was 18 (limit:18). Your wisdom was 18 (limit:18). Your charisma was 11 (limit:18). Final Status: You were not hungry. You were unencumbered. You were wielding a dagger. You were skilled in dagger and could have enhanced that. Final Attributes: You were piously aligned. You were magic-protected. You were fire resistant. You were cold resistant. You were sleep resistant. You were disintegration resistant. You were shock resistant. Your items were protected from electric shocks. You were poison resistant. You saw invisible. You were telepathic. You were warned. You were invisible to others. You could teleport. You had teleport control. You could walk on water. You had a moderate defense bonus (+10). You were protected. You took half spell damage. You were very fast. You had free action. You were extremely lucky. You had extra luck. Bad luck did not time out for you. Good luck did not time out for you. You survived. Miscellaneous: You encountered 1 bones level. Total elapsed playing time was 21 hours, 46 minutes and 3 seconds. Major events: Turn 1: pinball the chaotic male human Wizard entered the dungeon 2043: attained the rank of Conjurer (level 3) 5858: entered Sokoban 6081: attained the rank of Thaumaturge (level 6) 7604: completed 1st Sokoban level 8095: completed 2nd Sokoban level 8377: completed 3rd Sokoban level 9161: completed 4th Sokoban level 10002: acquired the Sokoban bag of holding 10891: entered the Gnomish Mines 11169: reached Mine Town 12510: found Grimtooth on the floor 13705: was bestowed with Magicbane by Anhur 15034: attained the rank of Magician (level 10) 16187: entered the Bigroom 17204: was bestowed with Frost Brand by Anhur 17247: entered Gehennom 17748: made her first wish - "uncursed marker", got "a magic marker" 19560: killed Yad, the hardware store proprietor 19654: killed Pemboeang, the delicatessen proprietor 21951: attained the rank of Enchantress (level 14) 22021: killed the invisible Dark One 22021: found the Eye of the Aethiopica carried by a monster 22025: acquired the Bell of Opening 26443: killed Medusa 28776: bribed Asmodeus with 7 zorkmids for safe passage 29191: killed Juiblex 29264: bribed Baalzebub with 3 zorkmids for safe passage 29642: attained the rank of Sorceress (level 18) 31362: destroyed Vlad the Impaler 31364: acquired the Candelabrum of Invocation 31371: wished for "uncursed marker", got "a magic marker" 33318: killed the invisible Wizard of Yendor 33319: acquired the Book of the Dead 33346: performed the invocation 33680: killed the high priestess of Moloch 33685: acquired The Amulet of Yendor 33694: killed the Wizard of Yendor (2nd time) 33996: killed the Wizard of Yendor (3rd time) 34423: killed Orcus 35747: killed the Wizard of Yendor (5th time) 36354: entered the Elemental Planes 36354: entered Plane of Earth 36374: entered Plane of Air 36485: entered Plane of Fire 36529: entered Plane of Water 36573: entered the Astral Plane 36588: killed Famine 36777: killed Famine (2nd time) 36811: killed Pestilence 36819: ascended Vanquished creatures: Orcus Juiblex the Wizard of Yendor (7 times) Pestilence Famine (twice) Vlad the Impaler 3 arch-liches a high cleric 4 mastodons Medusa 4 krakens an iron golem 5 master liches a ki-rin 5 storm giants a titan a glass golem a balrog 4 purple worms 3 gray dragons a silver dragon 5 red dragons 5 white dragons 5 orange dragons 3 black dragons 3 blue dragons a green dragon 4 yellow dragons 15 minotaurs 4 jabberwocks the Dark One 3 baluchitheria 3 Angels 8 demiliches 3 stone golems 2 master mind flayers 3 Olog-hai 3 Nazgul 5 pit fiends a sandestin 3 hell hounds 2 displacer beasts 2 titanotheres 2 trappers 3 guardian nagas 7 disenchanters 26 vampire leaders 3 skeletons 2 shopkeepers 15 aligned clerics 7 captains 5 shades 8 liches 5 nurses 3 ice devils 2 nalfeshnees a frost giant 18 vampires 2 lieutenants a watch captain 49 ghosts a cave dweller a rogue a wizard a queen bee 6 winged gargoyles 2 mind flayers a giant mimic 5 long worms 6 zruties 4 fire giants 3 ogre tyrants 9 ice trolls 3 rock trolls 6 umber hulks 4 flesh golems 2 elven monarchs a doppelganger 4 hezrous 5 bone devils 3 large mimics 4 wumpuses 2 fire vortices 3 couatls 10 stalkers 10 air elementals 3 earth elementals 2 water elementals 5 hill giants 3 giant mummies 11 xorns 15 giant zombies 2 elf-nobles 13 sergeants a water demon 5 barbed devils 8 vrocks 11 wargs 2 winter wolves a hell hound pup 8 small mimics 2 glass piercers 4 warhorses 6 steam vortices 11 xans 4 ettin mummies 4 ogre leaders a quantum mechanic 14 trolls 2 sasquatches 4 wood golems an erinys a marilith a djinni 4 sharks 2 electric eels 5 gelatinous cubes 10 pyrolisks 3 large dogs 4 freezing spheres 4 flaming spheres 3 shocking spheres 2 large cats 4 tigers 8 gargoyles a dwarf ruler 7 tengu 5 ochre jellies 6 leocrottas 7 energy vortices a mountain centaur 6 stone giants 3 elf mummies 3 human mummies a red naga 3 green slimes a pit viper 4 cobras 49 wraiths 2 carnivorous apes 12 ettin zombies a leather golem 2 Grey-elves 52 soldiers 4 watchmen 9 amorous demons 8 horned devils 4 chameleons 2 crocodiles 27 giant beetles 2 quivering blobs 6 cockatrices 11 wolves a winter wolf cub a panther 10 gremlins 5 leprechauns 7 orc-captains 2 iron piercers 3 mumakil 7 giant spiders 10 scorpions 5 horses 5 black lights 30 vampire bats 2 forest centaurs 9 gnome rulers 2 orc mummies 3 dwarf mummies an ogre 6 brown puddings 6 rust monsters 7 owlbears 4 yetis 2 gold golems 3 werewolves 6 Green-elves 2 piranha 11 giant eels 8 lizards a dingo 4 dogs 3 housecats 7 jaguars a dwarf leader 2 blue jellies 6 white unicorns 3 gray unicorns 6 dust vortices 15 ravens 2 plains centaurs 6 gnome mummies 4 snakes 6 apes 36 human zombies a rope golem 3 Woodland-elves 20 soldier ants 14 fire ants 14 bugbears an imp 11 lemures 6 quasits 7 wood nymphs a water nymph 2 mountain nymphs 3 Mordor orcs 9 Uruk-hai 2 orc shamans 4 rock piercers 6 rock moles a woodchuck 4 ponies 5 fog clouds 10 yellow lights 2 shriekers 5 violet fungi 20 gnome leaders 5 gnomish wizards 5 kobold mummies a red naga hatchling a guardian naga hatchling 6 gray oozes 2 barrow wights 15 elf zombies 16 ghouls 5 straw golems 3 paper golems 11 giant ants 2 little dogs 8 floating eyes 3 kittens 23 dwarves 5 homunculi a kobold leader 3 kobold shamans 6 hill orcs 22 rothes 2 rabid rats 3 centipedes 5 giant bats a monkey 12 orc zombies 20 dwarf zombies 6 iguanas 40 killer bees 5 acid blobs 4 gas spores 7 hobbits 16 manes 9 large kobolds 11 hobgoblins 5 giant rats 9 cave spiders 4 brown molds 3 yellow molds a red mold 58 gnomes a garter snake 11 gnome zombies 12 geckos 21 jackals 4 foxes 2 kobolds 5 goblins 4 sewer rats 13 grid bugs 5 bats 12 lichens 22 kobold zombies 14 newts 1723 creatures vanquished. Extinct species: erinyes (extinct) 1 species extinct. Voluntary challenges: You read items or engraved 197 times. You never engraved Elbereth. You never genocided any monsters. You used 2 wishes. You did not wish for any artifacts. You violated the special Sokoban rules twice. Achievements: You entered a shop. You attained the rank of Conjurer. You entered Sokoban. You attained the rank of Thaumaturge. You completed Sokoban. You entered the Gnomish Mines. You entered Minetown. You entered a temple. You attained the rank of Magician. You entered the Big Room. You entered Gehennom. You attained the rank of Enchantress. You had the Bell of Opening. You defeated Medusa. You attained the rank of Sorceress. You handled the Candelabrum of Invocation. You handled the Book of the Dead. You gained access to Moloch's Sanctum. You reached the Elemental Planes. You reached the Astral Plane. You delivered the Amulet of Yendor. You ascended! The Elemental Planes: Astral Plane: <- You are here. Some temples. Plane of Water: Plane of Fire: Plane of Air: Plane of Earth: The Dungeons of Doom: levels 1 to 27 Level 1: A fountain. One way stairs up to The Elemental Planes. Level 2: A general store. Level 3: Stairs down to The Gnomish Mines. Level 4: "$" A fountain. Level 5: Level 6: A potion shop, an altar to Anhur, a fountain. Level 7: Oracle of Delphi. Level 8: "BoH" An altar to Anhur, some fountains, a sink. Stairs up to Sokoban, level 7. Level 9: A fountain. Level 10: "?oSM" A very big room. Level 11: A general store, a fountain. Level 12: Many graves. Final resting place for Cloudmillion-Mon-Hum-Fem-Neu, killed by a giant zombie, while moving through the air. Level 13: "BoH" A throne, some fountains. Portal to The Quest. Level 14: Level 15: A primitive area. Level 16: Level 17: A temple, a fountain. Level 18: Some fountains. Level 19: Level 20: An altar to Anhur, a grave. Level 21: A delicatessen. Level 22: A fountain, a grave. Level 23: Some fountains. Level 24: Level 25: Level 26: A fountain. Level 27: A fountain. The castle. Connection to Gehennom. Gehennom: levels 28 to 51 Level 28: A temple, many graves. Valley of the Dead. Level 29: "Asmo" Level 30: Level 31: Level 32: Level 33: "c" Level 34: "juib" Level 35: Level 36: "Baalz" Level 37: Level 38: Stairs up to Vlad's Tower, level 37. Level 39: "orcus" An untended shop, an altar, some graves. Level 40: Level 41: "Rodney" Level 42: Level 43: Level 44: Level 45: Level 46: "realfakewiz" Level 47: Level 48: Level 49: "fakefakewiz" Level 50: Level 51: A temple, many graves. Moloch's Sanctum. The Gnomish Mines: levels 4 to 11 Level 4: Level 5: "lv tp" Level 6: Level 7: Many shops, a temple to Anhur, a fountain. Level 8: Level 9: Level 10: Level 11: Some fountains. The Quest: levels 1 to 5 Level 1: Completed quest for Neferet the Green. Level 2: Level 3: Level 4: Level 5: A temple to Anhur. Sokoban: levels 7 up to 4 Level 4: Solved. Level 5: Solved. Level 6: Solved. Level 7: Solved. Vlad's Tower: levels 37 up to 35 Level 35: Level 36: Level 37: Goodbye pinball the Demigoddess... You went to your reward with 2281680 points, Frost Brand (worth 3000 zorkmids and 7500 points) Magicbane (worth 3500 zorkmids and 8750 points) The Eye of the Aethiopica (worth 4000 zorkmids and 10000 points) The Bell of Opening (worth 5000 zorkmids and 12500 points) 13 citrine stones (worth 19500 zorkmids), 11 chrysoberyl stones (worth 7700 zorkmids), 10 rubies (worth 35000 zorkmids), 10 emeralds (worth 25000 zorkmids), 8 amber stones (worth 8000 zorkmids), 6 jacinth stones (worth 19500 zorkmids), 6 amethyst stones (worth 3600 zorkmids), 4 topaz stones (worth 3600 zorkmids), 4 obsidian stones (worth 800 zorkmids), 3 aquamarine stones (worth 4500 zorkmids), 3 opals (worth 2400 zorkmids), 3 agate stones (worth 600 zorkmids), 2 dilithium crystals (worth 9000 zorkmids), 2 diamonds (worth 8000 zorkmids), 2 jade stones (worth 600 zorkmids), 1 sapphire (worth 3000 zorkmids), 1 black opal (worth 2500 zorkmids), 1 turquoise stone (worth 2000 zorkmids), 1 jasper stone (worth 500 zorkmids), 1 fluorite stone (worth 400 zorkmids), 2 amulets of magical breathing (worth 300 zorkmids), 1 amulet of reflection (worth 150 zorkmids), 1 amulet of flying (worth 150 zorkmids), and 4375 pieces of gold, after 36819 moves. You were level 21 with a maximum of 209 hit points when you ascended.